 Dungeon Crawl Stone Soup version 0.17.0-28-g6e173f8 (webtiles) character file.

44 Opium the Firebug (level 3, -2/26 HPs)
             Began as a Hill Orc Fire Elementalist on Dec 3, 2015.
             Slain by Clownie's ghost (10 damage)
             ... on level 3 of the Dungeon.
             The game lasted 00:15:53 (2603 turns).

Opium the Firebug (Hill Orc Fire Elementalist)      Turns: 2603, Time: 00:15:53

Health: -2/26      AC:  6    Str: 10    XL:     3   Next: 62%
Magic:  1/6        EV: 12    Int: 16    God:
Gold:   77         SH:  0    Dex: 11    Spells: 2 memorised, 2 levels left

rFire  . . .     SeeInvis .     h - +0 dagger
rCold  . . .     Clarity  .     a - +0 robe
rNeg   . . .     SustAt   .     (no shield)
rPois  .         Gourm    .     g - +0 helmet
rElec  .         Spirit   .     (no cloak)
rCorr  .         Warding  .     (no gloves)
rMut   .         Stasis   .     i - +2 pair of boots
MR     .....                    (no amulet)
Stlth  ++........               (no ring)
                                (no ring)

@: not resistant to hostile enchantments, unstealthy
A: no striking features
a: no special abilities


You were on level 3 of the Dungeon.
You were not hungry.

You visited 1 branch of the dungeon, and saw 3 of its levels.

You collected 77 gold pieces.

Inventory:

Hand Weapons
 h - a +0 dagger (weapon)
 l - a +0 short sword
 n - a +0 hunting sling
 o - a +0 hand axe
Armour
 a - a +0 robe (worn)
 g - a +0 helmet (worn)
 i - a +2 pair of boots (worn)
Scrolls
 e - 2 scrolls of identify
 m - a scroll of fear {unknown}
 q - 2 scrolls of teleportation
 s - a scroll of magic mapping {unknown}
Potions
 d - 4 potions of curing
 j - 3 potions of agility {unknown}
 p - a potion of brilliance {unknown}
 r - a potion of ambrosia {unknown}
 t - a potion of invisibility {unknown}
Books
 b - a book of Flames

   Spells                             Type                      Level
   a - Flame Tongue                   Conjuration/Fire             1
   b - Throw Flame                    Conjuration/Fire             2
   c - Conjure Flame                  Conjuration/Fire             3
   d - Inner Flame                    Hexes/Fire                   3
   e - Sticky Flame                   Conjuration/Fire             4
   f - Fireball                       Conjuration/Fire             5
Comestibles
 c - a bread ration
 f - 2 meat rations
 k - 4 fruits


   Skills:
 + Level 0.4 Short Blades
 + Level 2.0 Dodging
 - Level 1.5 Stealth
 * Level 2.0 Spellcasting
 + Level 1.7 Conjurations
 + Level 3.7 Fire Magic


You had 2 spell levels left.
You knew the following spells:

 Your Spells              Type           Power        Failure   Level  Hunger
a - Flame Tongue          Conj/Fire      ##...        10%         1    #......
b - Inner Flame           Hex/Fire       #.......     34%         3    ###....


Dungeon Overview and Level Annotations

Branches:
Dungeon (3/15)

Altars:

Annotations:
D:3 Clownie's ghost, amateur FoFi


Message History

Clownie's ghost ripples.
Found a royal jelly.
Casting: Inner Flame
Confirm with . or Enter, or press ? or * to list all spells.
Aiming: Flame Tongue
Press: ? - help, Shift-Dir - straight line, f - Clownie's ghost
Aim: Clownie's ghost The flame tongue hits Clownie's ghost.
Clownie's ghost is lightly damaged.
A worm comes into view.
Found a scroll labeled MIL JEUHEPN.
Casting: Flame Tongue
Confirm with . or Enter, or press ? or * to list all spells.
Aiming: Flame Tongue
Press: ? - help, Shift-Dir - straight line, f/p - Clownie's ghost
Aim: Clownie's ghost (lightly damaged)
The flame tongue hits Clownie's ghost.
Clownie's ghost appears unharmed.
Clownie's ghost is lightly damaged.
Clownie's ghost hits you!
You die...

##### #...# #...#
#...# #...# ###...#
######.....# ..
#.@W...#...# #.#
#....######.####.[#
............<........
..!....######....####
..%.... ##........##
?...... #..........#
w...... #†.....>...#
####.##..............
......?.$......


You could see a worm (sleeping) and Clownie's ghost.

Vanquished Creatures
  2 worms (D:2)
  2 giant geckos
  3 orcs (D:1)
  2 bats (D:1)
  2 giant cockroaches
  5 hobgoblins
  7 kobolds
  A giant newt (D:2)
  3 goblins
  6 rats
33 creatures vanquished.

Notes
Turn   | Place    | Note
--------------------------------------------------------------
     0 | D:1      | Opium the Hill Orc Fire Elementalist began the quest for the Orb.
     0 | D:1      | Reached XP level 1. HP: 14/14 MP: 3/3
   457 | D:1      | Reached XP level 2. HP: 5/20 MP: 0/4
  1226 | D:1      | Reached XP level 3. HP: 16/26 MP: 5/5
  1370 | D:1      | Learned a level 3 spell: Inner Flame
  2039 | D:2      | HP: 1/26 [worm (2)]
  2585 | D:3      | Noticed Clownie's ghost (amateur FoFi)
  2603 | D:3      | Slain by Clownie's ghost

Action                   || total
-------------------------++-------
Melee: Dagger            ||   133
 Cast: Flame Tongue      ||    64
       Inner Flame       ||     1
  Use: Scroll            ||     2
  Eat: Chunk             ||     2
       Fruit             ||     1
       Bread ration      ||     1
       Royal jelly       ||     1
